 Dungeon Crawl Stone Soup version 0.23-a0-639-ga9a3373 (webtiles) character file.

14 Leeroy the Slasher (level 2, -3/24 HPs)
             Began as a Draconian Skald on Dec 29, 2018.
             Slain by a kobold
             ... wielding a +0 whip
              (6 damage)
             ... on level 1 of the Dungeon.
             The game lasted 00:00:45 (70 turns).

Leeroy the Slasher (Draconian Skald)                  Turns: 70, Time: 00:00:46

Health: -3/24      AC:  4    Str: 13    XL:     2   Next: 27%
Magic:  0/5        EV: 12    Int: 13    God:
Gold:   0          SH:  0    Dex: 10    Spells: 4/5 levels left

rFire    . . .     SeeInvis .   a - +0 falchion
rCold    . . .     Gourm    .   (no shield)
rNeg     . . .     Faith    .   (armour unavailable)
rPois    .         Spirit   .   (helmet restricted)
rElec    .         Reflect  .   (no cloak)
rCorr    .         Harm     .   (no gloves)
MR       .....                  (no boots)
Stlth    +.........             (no amulet)
HPRegen  0.08/turn              (no ring)
MPRegen  0.09/turn              (no ring)

@: infused (expiring)
A: unfitting armour, cold-blooded, AC +4
a: no special abilities


You were on level 1 of the Dungeon.
You were not hungry.

You visited 1 branch of the dungeon, and saw 1 of its levels.

Inventory:

Hand Weapons
 a - a +0 falchion (weapon)
 e - a +0 dagger
Missiles
 f - 16 stones (quivered)
Scrolls
 g - 3 scrolls of identify {unknown}
Potions
 b - a potion of might {unknown}
Comestibles
 c - a ration
 d - 2 chunks of flesh


   Skills:
 - Level 2.1 Fighting
 + Level 3.0 Long Blades
 - Level 2.1 Dodging
 - Level 2.0 Spellcasting
 - Level 2.6 Charms


You had 4 spell levels left.
You knew the following spells:

 Your Spells              Type           Power        Failure   Level  Hunger
a - Infusion              Chrm           #...         9%          1    ##.....

Your spell library contained the following spells:

 Spells                   Type           Power        Failure   Level  Hunger
 Song of Slaying          Chrm           #.......     13%         2    ###....
 Shroud of Golubria       Chrm/Tloc      #.........   22%         2    ###....
 Regeneration             Chrm/Necr      #.........   41%         3    ####...
 Spectral Weapon          Hex/Chrm       #.......     41%         3    ####...


Dungeon Overview and Level Annotations

Branches:
Dungeon (1/15)

Altars:


Innate Abilities, Weirdness & Mutations

Your plain brown scales are hard. (AC +4)
You cannot fit into any form of body armour.
You are cold-blooded and may be slowed by cold attacks.


Message History

The jackal is moderately wounded.
The jackal bites you.
* * * LOW HITPOINT WARNING * * *
The jackal closely misses you.
You riposte.
You slash the jackal!
You kill the jackal!
Your Long Blades skill increases to level 3!
The jackal barely misses you.
You riposte.
You hit the jackal but do no damage.
The jackal is moderately wounded.
The kobold hits you but does no damage.
You hit the jackal.
The jackal is heavily wounded.
Your magical infusion is running out.
The jackal barely misses you. The kobold barely misses you. x2
Unknown command.
You closely miss the jackal.
The jackal is moderately wounded.
The jackal closely misses you.
You riposte.
You hit the jackal.
The jackal is almost dead.
The kobold hits you but does no damage. The kobold hits you with a +0 whip.
You die...

###.........#
.......(....#
########'#####
#.........###
#.........#.#########
#..⌠...⌠..#..........
#........)#....>.#...
+...(<....÷........#
#.........#..@.....#
#..⌠...⌠..#.KhK......
#.........#..l.......
#.........#..(K.....%
#####+#####..≈)..§...
.?.........
....(.≈...§.
.............


You could see a leopard gecko, a jackal and 3 kobolds.

Vanquished Creatures
  A bat (D:1)
  2 goblins (D:1)
  A hobgoblin (D:1)
  3 jackals (D:1)
  A frilled lizard (D:1)
  3 kobolds (D:1)
11 creatures vanquished.

Notes
Turn   | Place    | Note
-------+----------+-------------------------------------------
     0 | D:1      | Leeroy the Draconian Skald began the quest for the Orb.
     0 | D:1      | Reached XP level 1. HP: 17/17 MP: 3/3
    35 | D:1      | Reached XP level 2. HP: 9/24 MP: 0/5
    68 | D:1      | Reached skill level 3 in Long Blades
    70 | D:1      | Slain by a kobold

Vault maps used:
D:1:      mushboom_english_gardens, kennysheep_crisscross, minivault_4

Skill      XL: |  1  2 |
---------------+-------+-----
Long Blades    | 3 |  3.0
Fighting       | |  2.1
Dodging        | |  2.1
Spellcasting   | |  2.0
Charms         | |  2.6

Action                   || total
-------------------------++-------
Melee: Falchion          ||    33
       Tailslap          ||     3
Throw: Stone             ||     2
 Cast: Infusion          ||     2
Armor: Skin              ||    17
Dodge: Dodged            ||    33
       Rpst.: Falchion   ||    13

Table legend:
 A = Non-vault XP
 B = Vault XP
 C = Vault XP percentage of total XP
 D = Non-vault monster count
 E = Vault monster count
 F = Vault count percentage of total count
                 A         B        C        D         E       F
            +---------+---------+-------+---------+---------+-------
      Total |      20 |       0 |   0.0 |      11 |       0 |   0.0
            +---------+---------+-------+---------+---------+-------
        D:1 |      20 |       0 |   0.0 |      11 |       0 |   0.0
            +---------+---------+-------+---------+---------+-------
